 Dungeon Crawl Stone Soup version 0.30-a0-862-g1aabd4f9c5 (webtiles) character file.

Game seed: 12035911848814347213

49 bande the Trooper (level 3, -16/24 HPs)
             Began as a Gargoyle Fighter on Mar 8, 2023.
             Demolished by an ogre
             ... wielding a +0 giant spiked club
              (19 damage)
             ... on level 4 of the Dungeon.
             The game lasted 00:01:35 (1117 turns).

bande the Trooper (Gargoyle Fighter)                Turns: 1117, Time: 00:01:36

Health: -16/24     AC: 10    Str: 19    XL:     3   Next: 75%
Magic:  3/3        EV:  9    Int:  8    God:
Gold:   38         SH:  4    Dex: 11    Spells: 2/2 levels left

rFire   . . .      SeeInvis .    a - +0 war axe
rCold   . . .      Faith    .    c - +0 buckler
rNeg    + . .      Spirit   .    b - +0 scale mail
rPois   ∞          Reflect  .    (no helmet)
rElec   +          Rampage  .    (no cloak)
rCorr   .                        (no gloves)
Will    .....                    (no boots) Stlth
                                 (no amulet)
HPRegen 0.24/turn                (no ring)
MPRegen 0.08/turn                (no ring)

@: no status effects
A: sickness immunity, AC +3, negative energy resistance 1, electricity
resistance, torment resistance 1, petrification resistance
a: no special abilities


You were on level 4 of the Dungeon.
You visited 1 branch of the dungeon, and saw 3 of its levels.

You collected 38 gold pieces.

Inventory:

Hand Weapons
 a - a +0 war axe (weapon)
Armour
 b - a +0 scale mail (worn)
 c - a +0 buckler (worn)
Scrolls
 f - 3 scrolls of teleportation {unknown}
 g - 2 scrolls of butterflies {unknown}
 h - a scroll of vulnerability {unknown}
 i - 3 scrolls of enchant weapon {unknown}
 j - 2 scrolls of enchant armour {unknown}
 k - 2 scrolls of amnesia {unknown}
 n - a scroll of identify {unknown}
Potions
 d - a potion of might
 e - a potion of degeneration {unknown}
 l - a potion of mutation {unknown}
 m - 3 potions of curing {unknown}


   Skills:
 + Level 3.8 Fighting
 + Level 2.6 Axes
 + Level 3.6 Armour
 + Level 3.7 Shields


You had 2 spell levels left.
You didn't know any spells.
Your spell library was empty.

Dungeon Overview and Level Annotations

Branches:
Dungeon (2/15)

Altars:


Innate Abilities, Weirdness & Mutations

You are immune to sickness and miasma.
Your stone body is resilient. (AC +3)
You are immune to poison.
You resist negative energy. (rN+)
You are resistant to electric shocks. (rElec)
You are resistant to unholy torment.
You are immune to petrification.


Message History

No target in view!
No target in view!
Found 7 stones.
Found a pair of boots.
No target in view!
No target in view!
No target in view!
A sourceless malevolence fills the Dungeon...
You fall into a shaft and drop 2 floors!
The shaft crumbles and collapses.
Found an escape hatch in the floor.
An ogre comes into view. It is wielding a +0 giant spiked club.
You barely miss the ogre. The ogre barely misses you.
You hit the ogre but do no damage.
The ogre hits you with a +0 giant spiked club.
You slash the ogre!
The ogre is heavily wounded.
The ogre closely misses you.
You slash the ogre!
The ogre is almost dead.
You block the ogre's attack.
You barely miss the ogre.
The ogre is almost dead.
The ogre barely misses you.
You hit the ogre.
The ogre is almost dead.
You barely miss the ogre.
The ogre is almost dead.
You block the ogre's attack.
You barely miss the ogre.
The ogre is almost dead.
The ogre hits you with a +0 giant spiked club!!
Ouch! That really hurt!
* * * LOW HITPOINT WARNING * * *
You are too injured to fight recklessly!
You completely miss the ogre.
The ogre is almost dead.
The ogre hits you with a +0 giant spiked club!!
Ouch! That really hurt!
You die...

....###
.......
.......
.......
###.......
.........
###........
#..@O......
##.##.......
#..# .......
#.## #######
#>.####.#
#.......#
#########


You could see an ogre.

Vanquished Creatures
  An adder (D:2)
  A dart slug (D:1)
  3 bats (D:1)
  2 endoplasms
  2 giant cockroaches
  4 goblins
  6 hobgoblins (D:1)
  2 jackals (D:1)
  5 ball pythons (D:1)
  2 frilled lizards (D:1)
  4 kobolds
  4 rats (D:1)
36 creatures vanquished.

Notes
Turn   | Place    | Note
-------+----------+-------------------------------------------
     0 | D:1      | bande the Gargoyle Fighter began the quest for the Orb.
     0 | D:1      | Reached XP level 1. HP: 14/14 MP: 1/1
   261 | D:1      | Reached XP level 2. HP: 19/19 MP: 2/2
   411 | D:1      | Reached XP level 3. HP: 23/23 MP: 3/3
  1099 | D:2      | You fall into a shaft and drop 2 floors!
  1106 | D:4      | Noticed an ogre
  1117 | D:4      | Demolished by an ogre

Illustrated notes

Levels and vault maps discovered:
D:1:      nicolae_arrival_somewhat_less_tricky_arrival, layout_basic,
          minmay_pentomino_r2
D:2:      layout_loops_cross, due_unseen_surprise
D:4:      layout_rooms, minmay_temple_entry_tees

Skill      XL: |  1 |
---------------+----+-----
Axes           | 2 |  2.6
Fighting       | |  3.8
Armour         | |  3.6
Shields        | |  3.7

Action                     || total
---------------------------++-------
  Melee: War axe           ||   126
 Armour: Scale mail        ||    86
  Dodge: Dodged            ||    52
  Block: Buckler           ||    33

Table legend: (Time is in decaauts)
 A = Elapsed time spent in this place.
 B = Non-inter-level travel time spent in this place.
 C = Inter-level travel time spent in this place.
 D = Time resting spent in this place.
 E = Time spent auto-exploring this place.
 F = Levels seen in this place.
 G = Mean time per level.
                   A        B        C        D        E       F      G
               +--------+--------+--------+--------+--------+-----+--------+
         Total |   1169 |   1022 |    147 |      0 |    745 |   3 |  389.7 |
       Dungeon |   1169 |   1022 |    147 |      0 |    745 |   3 |  389.7 |
               +--------+--------+--------+--------+--------+-----+--------+

Top non-repeatable levels by time:
     D:1: 1037 daAuts
     D:2: 110 daAuts
     D:4: 21 daAuts
